 Dungeon Crawl Stone Soup version 0.28-a0-687-gb91baff9cc (webtiles) character file.

Game seed: 4404444930016976666

4844 voltaire321 the Covert (level 10, 0/69 HPs)
             Began as an Octopode Brigand on Oct 19, 2021.
             Was a Believer of the Shining One.
             Shot with an arrow by a centaur warrior (16 damage)
             ... on level 8 of the Dungeon.
             The game lasted 00:35:05 (7724 turns).

voltaire321 the Covert (Octopode Brigand)           Turns: 7724, Time: 00:35:06

Health: 0/69       AC:  7    Str: 12    XL:     10   Next: 49%
Magic:  11/13      EV: 16    Int: 13    God:    the Shining One [**....]
Gold:   371        SH:  0    Dex: 16    Spells: 12/15 levels left

rFire   + . .      SeeInvis .   A - +7 Screaming Sword {vorpal, sonic wave}
rCold   . . .      Faith    .   (no shield)
rNeg    + . .      Spirit   .   d - +2 hat
rPois   .          Reflect  .   o - amulet of regeneration
rElec   .          Harm     .   n - +4 ring of protection
rCorr   +          Rampage  .   y - ring of protection from fire
Will    .....      Clarity  +   k - ring of resist corrosion
Stlth   +++.......              (no ring)
HPRegen 1.21/turn               (no ring)
MPRegen 0.13/turn               (no ring)
                                (no ring)
                                (no ring)

@: glowing, unable to read
A: almost no armour, amphibious, 8 rings, camouflage 1, gelatinous body 1,
(nimble swimmer 1), tentacles, clarity, low mp 1, inability to read while
threatened
a: Renounce Religion, Divine Shield


You were on level 8 of the Dungeon.
You worshipped the Shining One.
The Shining One was pleased with you.
You visited 2 branches of the dungeon, and saw 9 of its levels.
You also visited: Sewer.

You collected 371 gold pieces.

Inventory:

Hand Weapons
 a - a +2 dagger
 s - the +4 spear of Salt {vorpal, Fly Stlth+}
   (You found it on level 8 of the Dungeon)

   It inflicts extra damage upon your enemies.
   Fly:       It grants you flight.
   Stlth:     It makes you more stealthy.
 x - a +0 flail of holy wrath
 A - the +7 Screaming Sword (weapon) {vorpal, sonic wave}
   (You took it off a tengu conjurer on level 8 of the Dungeon)

   It inflicts extra damage upon your enemies.
   It radiates damaging sonic waves as it strikes, especially in combat
   involving dangerous or numerous foes.
Missiles
 b - 8 poisoned darts (quivered)
 i - 10 boomerangs
Armour
 d - a +2 hat (worn)
Jewellery
 k - a ring of resist corrosion (on tentacle)
 n - a +4 ring of protection (left tentacle)
 o - an amulet of regeneration (around mantle)
 q - a ring of ice
 y - a ring of protection from fire (right tentacle)
Wands
 h - a wand of paralysis (16)
 t - a wand of iceblast (13)
 w - a wand of digging (6)
Scrolls
 f - 3 scrolls of teleportation
 g - 5 scrolls of amnesia
 u - 2 scrolls of fog
Potions
 e - a potion of magic
 j - a potion of ambrosia
 l - 2 potions of flight {unknown}
 p - a potion of curing {unknown}
 r - 2 potions of brilliance
 v - a potion of cancellation {unknown}
 z - a potion of might {unknown}


   Skills:
 + Level 6.6 Fighting
 - Level 2.0 Short Blades
 + Level 0.2(1.2) Long Blades
 - Level 6.0 Throwing
 + Level 6.4 Dodging
 + Level 10.5 Stealth
 - Level 3.0 Spellcasting
 - Level 5.0 Summonings
 + Level 6.2 Invocations


You had 12 spell levels left.
You knew the following spells:

 Your Spells              Type           Power      Damage    Failure   Level
a - Call Canine Familiar  Summ           14%        N/A       9%          3

Your spell library contained the following spells:

 Spells                   Type           Power      Damage    Failure   Level
 Summon Small Mammal      Summ           56%        N/A       3%          1
 Call Imp                 Summ           14%        N/A       4%          2
 Animate Skeleton         Necr           2%         N/A       22%         1
 Magic Dart               Conj           4%         1d3       22%         1
 Pain                     Necr           4%         1d4       22%         1
 Summon Guardian Golem    Hex/Summ       8%         N/A       24%         3
 Corpse Rot               Necr/Air       2%         N/A       34%         2
 Mephitic Cloud           Conj/Pois/Air  1%         N/A       56%         3
 Vampiric Draining        Necr           0%         2d6       56%         3
 Dispel Undead            Necr           1%         3d6       92%         4
 Leda's Liquefaction      Hex/Erth       0%         N/A       92%         4
 Lee's Rapid Deconstruct  Erth           0%         3d5*      99%         5
 Death Channel            Necr           0%         N/A       100%        6
 Statue Form              Tmut/Erth      0%         N/A       100%        6


Dungeon Overview and Level Annotations

Branches:
Dungeon (8/15)             Temple (1/1) D:4           Sewer (visited)
   Lair: D:8-11

Altars:
Cheibriados
Dithmenos
Fedhas
Gozag
Hepliaklqana
Kikubaaqudgha
Makhleb
Okawaru
Qazlal
Ru
Sif Muna
Trog
Uskayaw
Wu Jian
Xom
Yredelemnul
Zin
The Shining One


Innate Abilities, Weirdness & Mutations

You cannot wear most types of armour.
You are amphibious.
You can wear up to eight rings at the same time.
Your skin changes colour to match your surroundings (Stealth+).
Your rubbery body absorbs attacks. (AC +1, EV +1)
((You are camouflaged near water. (Stealth+)))
You have tentacles for arms and can constrict up to eight enemies at once.
You possess an exceptional clarity of mind.
Your magical capacity is low. (-10% MP)
You sometimes lose the ability to read scrolls when taking damage.


Message History

You throw a curare-tipped dart.
The curare-tipped dart hits the centaur warrior.
The centaur warrior is poisoned.
The centaur warrior convulses.
The centaur warrior seems to slow down.
The centaur warrior shouts!
The centaur warrior is lightly wounded.
The centaur warrior wields a +0 longbow.
The centaur warrior shoots an arrow.
The arrow misses you.
The centaur warrior shoots an arrow.
The arrow hits you!
The centaur warrior shoots an arrow.
The arrow hits you!
The centaur warrior shoots an arrow.
The arrow hits you!
You feel threatened and lose the ability to read scrolls!
The centaur warrior shoots an arrow.
The arrow hits you!
You feel much better.
Throw: dart (curare)
Press: ? - help, Q - select action, (/) - cycle Shift-Dir - straight line, f - cyclops, p - centaur warrior
Aim: a cyclops, quivering large rocks (88% to hit)
You throw a curare-tipped dart.
The curare-tipped dart hits the cyclops.
The cyclops is poisoned.
The cyclops convulses.
The cyclops seems to slow down.
The cyclops is lightly wounded.
Casting: Call Canine Familiar (dangerous; 9% risk of failure)
Confirm with . or Enter, or press ? or * to list all spells.
You miscast Call Canine Familiar.
You are very lightly contaminated with residual magic.
Nothing appears to happen.
The centaur warrior is no longer moving slowly.
The centaur warrior looks more healthy.
The centaur warrior shoots an arrow.
The arrow hits you!
The centaur warrior shoots an arrow.
The arrow completely misses you.
The centaur warrior shoots an arrow.
The arrow hits you!!
The centaur warrior shoots an arrow.
The arrow barely misses you.
The cyclops throws a large rock.
The large rock closely misses you.
Your magical contamination has completely faded away.
You cannot read scrolls in your current state!
The centaur warrior shoots an arrow.
The arrow hits you!!
* * * LOW HITPOINT WARNING * * *
You cannot read scrolls in your current state!
The centaur warrior shoots an arrow.
The arrow hits you!
You die...

#.#...................
#.####.##.............
...##.##.............
####.##.##.............
#..........#.#.....#.÷.
#.##.##.#......###...÷†
#.##.##.#..............
#....#.>....#..........
#####.@..#..##.####....
#.....#..##........
#....###..##.......
##..##.##..##......
##c##...##..##.####
##.##..#..##..##.###
##.##..###..##..##.##
##.##..##}##..##..##.#
#c##..##=..8..)##..##.


You could see a centaur warrior.

Vanquished Creatures
  A shining eye (shapeshifter) (D:8)
  2 centaur zombies (D:6)
  A tengu conjurer (D:8)
  2 hornets
  Prince Ribbit (D:8)
  A wyvern (D:5)
  Edmund (D:6)
  2 water moccasins
  A black bear (D:5)
  An ice beast (D:6)
  3 sky beasts
  2 necrophages
  A hornet zombie (D:7)
  4 ogres (D:5)
  3 centaurs
  A phantom (D:5)
  A kobold brigand (D:8)
  3 bullfrogs
  3 scorpions
  6 howler monkeys
  3 bullfrog zombies
  A centaur skeleton (D:7)
  2 hounds
  A jelly (D:6)
  A bullfrog skeleton (D:3)
  An iguana (D:5)
  4 orc wizards
  3 killer bee zombies
  A hound skeleton (D:5)
  A howler monkey zombie (D:6)
  10 adders
  A river rat (D:5)
  3 white imps
  2 ufetubi (D:5)
  An adder skeleton (D:4)
  3 worms
  3 dart slugs
  27 orcs
  2 endoplasms
  7 giant cockroaches
  4 goblins
  7 hobgoblins
  4 jackals (D:2)
  5 quokkas
  13 ball pythons
  4 bats
  13 kobolds
  11 rats
178 creatures vanquished.

Notes
Turn   | Place    | Note
-------+----------+-------------------------------------------
     0 | D:1      | voltaire321 the Octopode Brigand began the quest for the
                  | Orb.
     0 | D:1      | Reached XP level 1. HP: 14/14 MP: 1/1
   194 | D:1      | Reached XP level 2. HP: 19/19 MP: 2/2
   610 | D:1      | Reached XP level 3. HP: 25/25 MP: 3/3
   860 | D:1      | Found a faded altar of an unknown god.
  1566 | D:3      | Reached XP level 4. HP: 28/30 MP: 4/4
  1590 | D:3      | Reached skill level 6 in Stealth
  2302 | D:3      | Noticed a scorpion
  2310 | D:3      | Killed a scorpion
  2311 | D:3      | Reached XP level 5. HP: 36/36 MP: 5/5
  3065 | D:4      | Found a staircase to the Ecumenical Temple.
  3074 | Temple   | Entered the Ecumenical Temple
  3153 | Temple   | Upgraded the game from 0.28-a0-683-ga8797d1ae1 to
                  | 0.28-a0-687-gb91baff9cc
  3180 | Temple   | Learned a level 3 spell: Call Canine Familiar
  3345 | Temple   | Became a worshipper of the Shining One
  3499 | D:4      | Reached XP level 6. HP: 42/42 MP: 6/6
  3563 | D:4      | Found an opulent altar of Gozag.
  3745 | D:5      | Entered Level 5 of the Dungeon
  3775 | D:5      | Found a glowing drain.
  3822 | D:5      | Noticed a sky beast
  3845 | D:5      | Killed a sky beast
  3846 | D:5      | Reached skill level 1 in Spellcasting
  3846 | D:5      | Reached skill level 1 in Invocations
  4126 | Sewer    | Entered a sewer
  4135 | Sewer    | Reached skill level 1 in Summonings
  4268 | Sewer    | Reached skill level 7 in Stealth
  4268 | Sewer    | Reached XP level 7. HP: 47/47 MP: 8/8
  4326 | D:5      | Reached * piety under the Shining One
  4379 | D:5      | Noticed a wyvern
  4393 | D:5      | Killed a wyvern
  4602 | D:5      | Reached XP level 8. HP: 54/54 MP: 10/10
  4770 | D:5      | Reached skill level 8 in Stealth
  5135 | D:6      | Reached XP level 9. HP: 54/60 MP: 13/13
  5197 | D:6      | Reached skill level 5 in Fighting
  5197 | D:6      | Reached skill level 5 in Throwing
  5330 | D:6      | Reached skill level 5 in Dodging
  5475 | D:6      | Noticed Edmund
  5484 | D:6      | Killed Edmund
  5485 | D:6      | Reached skill level 9 in Stealth
  5797 | D:6      | Noticed a brown ugly thing
  5863 | D:5      | Reached ** piety under the Shining One
  6237 | D:7      | Noticed a hornet
  6248 | D:7      | Killed a hornet
  6880 | D:7      | Reached skill level 5 in Invocations
  7174 | D:8      | Reached XP level 10. HP: 68/68 MP: 14/14
  7180 | D:8      | Noticed Prince Ribbit
  7197 | D:8      | Killed Prince Ribbit
  7236 | D:8      | Identified the +4 spear of Salt {vorpal, Fly Stlth+}
  7396 | D:8      | Reached skill level 5 in Summonings
  7400 | D:8      | Noticed a centaur warrior
  7475 | D:8      | Reached skill level 10 in Stealth
  7550 | D:8      | Noticed a shining eye
  7550 | D:8      | a dream sheep changed into a shining eye
  7552 | D:8      | Gained mutation: Your magical capacity is low. (-10% MP) [a
                  | shining eye]
  7553 | D:8      | Gained mutation: You sometimes lose the ability to read
                  | scrolls when taking damage. [a shining eye]
  7557 | D:8      | Gained mutation: You possess an exceptional clarity of
                  | mind. [a shining eye]
  7560 | D:8      | Killed a shining eye
  7677 | D:8      | Noticed a cyclops
  7724 | D:8      | Shot with an arrow by a centaur warrior

Illustrated notes

Levels and vault maps discovered:
D:1:      saegor_arrival_under_anarchy, layout_basic,
          shapermc_ecumenical_altar_acropolis
D:2:      layout_rooms
D:3:      layout_loops_ring, minivault_11, minmay_misc_feat_roman
D:4:      layout_rooms, mainiacjoe_overflow_cross_hatched,
          minmay_temple_entry_statues_pillars, bh_walls_and_bars
D:5:      minmay_bubble_buster, layout_basic, portal_sewer_entry_a,
          hangedman_decor_lopped
D:6:      layout_gridville, uniq_edmund
D:7:      layout_layer_cave, fountainhead
D:8:      layout_basic, minmay_diamond_spiral, uniq_prince_ribbit1
Temple:   minmay_crystal_spiral_temple

Skill      XL: |  1  2  3  4  5  6  7  8  9 10 |
---------------+-------------------------------+-----
Dodging        | 2 3 4 5 6 |  6.4
Stealth        | 6 7 8 9 10 | 10.5
Fighting       | 3 4 5 6 |  6.6
Throwing       | 3 4 5 6 |  6.0
Spellcasting   | 1 3 |  3.0
Invocations    | 1 2 3 5 6 |  6.2
Summonings     | 1 2 3 4 5 |  5.0
Short Blades   | |  2.0
Long Blades    | |  0.2

Action                   |  1- 3 |  4- 6 |  7- 9 | 10-12 || total
-------------------------+-------+-------+-------+-------++-------
Melee: Dagger            |    60 |   142 |   317 |    10 ||   529
       Constrict         |    11 |    34 |    39 |    16 ||   100
       Tentacles         |     9 |    30 |    83 |    14 ||   136
       Spear             |       |       |       |    49 ||    49
       Double sword      |       |       |       |     7 ||     7
Throw: Dart              |     5 |    14 |    55 |    26 ||   100
  Use: Scroll            |       |     6 |     6 |     1 ||    13
       Potion            |       |       |     1 |     3 ||     4
 Stab: Sleeping          |    13 |     5 |       |       ||    18
       Distracted        |     1 |     1 |       |       ||     2
Armor: Skin              |     9 |    35 |   117 |    17 ||   178
Dodge: Dodged            |    22 |    87 |   242 |    58 ||   409

Table legend: (Time is in decaauts)
 A = Elapsed time spent in this place.
 B = Non-inter-level travel time spent in this place.
 C = Inter-level travel time spent in this place.
 D = Time resting spent in this place.
 E = Time spent auto-exploring this place.
 F = Levels seen in this place.
 G = Mean time per level.
                   A        B        C        D        E       F      G
               +--------+--------+--------+--------+--------+-----+--------+
         Total |   7660 |   7260 |    400 |   1052 |   3675 |  10 |  766.0 |
       Dungeon |   7152 |   6921 |    231 |   1052 |   3613 |   8 |  894.0 |
        Temple |    354 |    185 |    169 |      0 |     13 |   1 |  354.0 |
         Sewer |    152 |    152 |      0 |      0 |     49 |   1 |  152.0 |
               +--------+--------+--------+--------+--------+-----+--------+

Top non-repeatable levels by time:
     D:4: 1054 daAuts
     D:3: 999 daAuts
     D:5: 985 daAuts
     D:7: 984 daAuts
     D:1: 932 daAuts
     D:6: 901 daAuts
     D:8: 688 daAuts
     D:2: 607 daAuts
  Temple: 354 daAuts
   Sewer: 152 daAuts
